 Dungeon Crawl Stone Soup version 0.28.0 (webtiles) character file.

Game seed: 3281916837984171545

689 Illumine the Conjurer (level 7, -1/50 HPs)
             Began as a Demigod Conjurer on Feb 15, 2022.
             Hit by a stone thrown by a gnoll (4 damage)
             ... on level 5 of the Dungeon.
             The game lasted 00:07:03 (5444 turns).

Illumine the Conjurer (Demigod Conjurer)            Turns: 5444, Time: 00:07:03

Health: -1/50      AC:  4    Str:  8    XL:     7   Next: 13%
Magic:  16/32      EV: 11    Int: 28    God:
Gold:   229        SH:  4    Dex: 12    Spells: 4/12 levels left

rFire   . . .      SeeInvis .   b - +0 flail
rCold   . . .      Faith    .   i - +0 buckler
rNeg    . . .      Spirit   .   a - +0 robe
rPois   .          Reflect  .   u - +0 helmet
rElec   .          Harm     .   e - scarf {+Inv}
rCorr   .          Rampage  .   k - +0 pair of gloves
Will    .....                   (no boots)
Stlth   ++........              (no amulet)
HPRegen 0.16/turn               o - ring of magical power
MPRegen 0.23/turn               s - ring of magical power

@: no status effects
A: high MP 1, forlorn, divine attributes
a: Evoke Invisibility


You were on level 5 of the Dungeon.
You visited 1 branch of the dungeon, and saw 5 of its levels.

You collected 229 gold pieces.

Inventory:

Hand Weapons
 b - a +0 flail (weapon)
Armour
 a - a +0 robe (worn)
 e - a scarf of invisibility (worn)
 i - a +0 buckler (worn)
 k - a +0 pair of gloves (worn)
 u - a +0 helmet (worn)
Jewellery
 o - a ring of magical power (left hand)
 s - a ring of magical power (right hand)
Scrolls
 c - 2 scrolls of teleportation
 j - a scroll of acquirement {unknown}
 p - a scroll of vulnerability {unknown}
 q - a scroll of immolation {unknown}
 r - a scroll of enchant weapon {unknown}
Potions
 d - 3 potions of might
 h - 4 potions of attraction
 l - 2 potions of haste {unknown}
 m - 3 potions of curing {unknown}
 n - a potion of flight {unknown}
 t - a potion of lignification {unknown}


   Skills:
 - Level 1.7 Dodging
 - Level 1.7 Stealth
 + Level 3.0 Shields
 - Level 3.0 Spellcasting
 + Level 5.5 Conjurations
 + Level 2.8 Hexes
 + Level 2.7 Translocations


You had 4 spell levels left.
You knew the following spells:

 Your Spells              Type           Power      Damage    Failure   Level
a - Magic Dart            Conj           100%       1d8       1%          1
b - Searing Ray           Conj           70%        2d7       1%          2
c - Dazzling Flash        Conj/Hex       54%        N/A       6%          3
d - Blink                 Tloc           38%        N/A       5%          2

Your spell library contained the following spells:

 Spells                   Type           Power      Damage    Failure   Level
 Lesser Beckoning         Tloc           19%        N/A       11%         3
 Fulminant Prism          Conj/Hex       13%        3d9       19%         4
 Iskenderun's Mystic Bla  Conj/Tloc      27%        2d7       21%         4
 Ozocubu's Armour         Ice            4%         N/A       32%         3
 Summon Ice Beast         Ice/Summ       4%         N/A       71%         4
 Manifold Assault         Tloc           19%        N/A       69%         5
 Metabolic Englaciation   Hex/Ice        6%         N/A       86%         5
 Summon Mana Viper        Hex/Summ       12%        N/A       86%         5
 Simulacrum               Ice/Necr       2%         N/A       100%        6
 Monstrous Menagerie      Summ           2%         N/A       100%        7


Dungeon Overview and Level Annotations

Branches:
Dungeon (5/15)
 Temple: D:4-7


Innate Abilities, Weirdness & Mutations

You have an increased reservoir of magic. (+10% MP)
You shall have no god before yourself.
Your divine heritage dramatically boosts your attributes as you level up.


Message History

Aim: a gnoll shaman, wielding a +0 club and wearing a +0 robe (moderately wounded, 83% to hit)
The searing ray hits the gnoll shaman.
The gnoll shaman is moderately wounded.
The searing ray hits the ogre!
You kill the ogre!
The searing ray hits the gnoll!
You kill the gnoll!
The searing ray hits the gnoll but does no damage. (Press . to maintain the ray.)
The gnoll shaman hits you with a +0 club.
You have reached level 7!
The searing ray hits the gnoll shaman!
The gnoll shaman is severely wounded.
The searing ray hits the gnoll but does no damage.
The gnoll shaman calls upon its god to speed up the gnoll.
The gnoll seems to speed up.
The searing ray hits the gnoll shaman.
You kill the gnoll shaman!
The searing ray hits the gnoll.
The gnoll is lightly wounded.
The gnoll throws a stone.
The stone hits you.
Your Shields skill increases to level 3!
The searing ray misses the gnoll.
You finish channelling your searing ray.
The gnoll hits you with a +0 flail!
You are too injured to fight recklessly!
Casting: Searing Ray (safe; 1% risk of failure)
Confirm with . or Enter, or press ? or * to list all spells.
Casting: Dazzling Flash (dangerous; 6% risk of failure)
Press: ? - help, Dir - look around, f - activate The gnoll is dazzled.
The gnoll hits you with a +0 flail!
* * * LOW HITPOINT WARNING * * *
Unknown command.
The gnoll is no longer blind.
The gnoll throws a stone.
The stone closely misses you.
The gnoll throws a stone.
The stone hits you.
* * * LOW HITPOINT WARNING * * *
The gnoll throws a stone.
The stone hits you.
* * * LOW HITPOINT WARNING * * *
The gnoll throws a stone.
The stone hits you.
You die...

##......#.......###.#......#
....#..##.#####..>..#.#.##.#
#......##.##########.......#
#.#.......##.....# #..#.#..#
#...#..#####.....# #..#.#..#
........)))g.....# #.....<.#
.####.######.....# #.###..##
#.# #.....###.###..# #.#
####.@...<...).# #.#
#.#####.##†## #.#
#.#####.##.# #####.######
#.##.......# #..........#
#.##.##.#### #.###.####.#
#.......# #.###.# ##.##
####.#### ....#.#
#...######.# #<#.#.#
#..........#


You could see a gnoll (fast).

Vanquished Creatures
  A black bear (D:5)
  An ogre (D:5)
  A phantom (D:4)
  A water moccasin skeleton (D:4)
  2 hounds (D:5)
  A jelly (D:5)
  A bullfrog skeleton (D:5)
  A gnoll shaman (D:5)
  An iguana (D:5)
  9 adders
  3 gnolls (D:5)
  A white imp (D:5)
  2 worms
  5 dart slugs
  4 orcs
  4 bats
  6 endoplasms
  2 giant cockroaches (D:4)
  4 goblins
  9 hobgoblins
  4 jackals (D:2)
  7 kobolds
  4 quokkas
  10 ball pythons
  5 frilled lizards
  6 rats
95 creatures vanquished.

Notes
Turn   | Place    | Note
-------+----------+-------------------------------------------
     0 | D:1      | Illumine the Demigod Conjurer began the quest for the Orb.
     0 | D:1      | Reached XP level 1. HP: 14/14 MP: 5/5
   213 | D:1      | Reached XP level 2. HP: 17/20 MP: 1/7
   216 | D:1      | Learned a level 2 spell: Searing Ray
   577 | D:1      | You fall into a shaft and drop 1 floor!
   594 | D:2      | Reached skill level 4 in Conjurations
  1364 | D:2      | Reached XP level 3. HP: 26/26 MP: 4/9
  1412 | D:2      | Learned a level 3 spell: Dazzling Flash
  2341 | D:2      | Reached XP level 4. HP: 33/33 MP: 8/11
  2753 | D:3      | Learned a level 2 spell: Blink
  2851 | D:3      | Reached skill level 1 in Shields
  3439 | D:4      | Noticed a phantom
  3452 | D:4      | Killed a phantom
  3453 | D:4      | Reached skill level 1 in Hexes
  3453 | D:4      | Reached skill level 1 in Translocations
  3453 | D:4      | Reached XP level 5. HP: 7/38 MP: 12/12
  4244 | D:4      | Reached skill level 5 in Conjurations
  4869 | D:5      | Entered Level 5 of the Dungeon
  4921 | D:5      | Reached XP level 6. HP: 33/45 MP: 13/13
  5436 | D:5      | Reached XP level 7. HP: 32/50 MP: 14/14
  5444 | D:5      | Hit by a stone thrown by a gnoll

Illustrated notes

Levels and vault maps discovered:
D:1:      dpeg_arrival_shelter, layout_basic, basic_ecumenical_altar,
          minmay_hexomino_p4
D:2:      layout_loops_corners
D:3:      layout_rooms, mainiacjoe_overflow_alcove_4
D:4:      layout_layer_cave, roderic_roman_lattice
D:5:      layout_loops_cross, amcnicky_mini_pool_small,
          minmay_fractal_squares_5, uniq_blork_the_orc, uniq_grinder

Skill      XL: |  1  2  3  4  5  6  7 |
---------------+----------------------+-----
Spellcasting   | 2 3 |  3.0
Conjurations   | 4 5 |  5.5
Shields        | 1 2 3 |  3.0
Hexes          | 1 2 |  2.8
Translocations | 1 2 |  2.7
Dodging        | |  1.7
Stealth        | |  1.7

Action                   |  1- 3 |  4- 6 |  7- 9 || total
-------------------------+-------+-------+-------++-------
Melee: Flail             |     2 |     2 |       ||     4
 Cast: Magic Dart        |    75 |   116 |       ||   191
       Searing Ray       |     3 |    17 |       ||    20
       Dazzling Flash    |       |     1 |     1 ||     2
  Use: Scroll            |       |     4 |       ||     4
Armor: Robe              |     1 |     3 |       ||     4
Dodge: Dodged            |     9 |    17 |     1 ||    27
Block: Buckler           |       |     9 |       ||     9
